 Dungeon Crawl Stone Soup version 0.30-a0-553-g7fabdf1491 (webtiles) character file.

Game seed: 4773667259304692964

37 greasedhog the Covered (level 3, -8/33 HPs)
             Began as an Armataur Fighter on Dec 26, 2022.
             Killed from afar by Sigmund (11 damage)
             ... with a puff of flame
             ... on level 2 of the Dungeon.
             The game lasted 00:01:01 (1044 turns).

greasedhog the Covered (Armataur Fighter)           Turns: 1044, Time: 00:01:01

Health: -8/33      AC:  7    Str: 23    XL:     3   Next: 21%
Magic:  3/3        EV:  7    Int:  8    God:
Gold:   108        SH:  0    Dex:  9    Spells: 2/2 levels left

rFire   . . .      SeeInvis .    a - +0 flail
rCold   . . .      Faith    .    c - +0 buckler
rNeg    . . .      Spirit   .    b - +0 scale mail
rPois   .          Reflect  .    (no helmet)
rElec   .          Harm     .    (no cloak)
rCorr   .          Roll     +    (no gloves)
Will    .....                    (no barding) Stlth
                                 (no amulet)
HPRegen 0.25/turn                (no ring)
MPRegen 0.08/turn                (no ring)

@: confused, mighty
A: large, rugged brown scales 3, deformed body, armoured tail, roll, long
tongue, awkward tongue
a: no special abilities


You were on level 2 of the Dungeon.
You visited 1 branch of the dungeon, and saw 2 of its levels.

You collected 108 gold pieces.

Inventory:

Hand Weapons
 a - a +0 flail (weapon)
Armour
 b - a +0 scale mail (worn)
 c - a +0 buckler (worn)
Scrolls
 e - 2 scrolls of identify {unknown}
 h - 2 scrolls of magic mapping {unknown}
 j - a scroll of brand weapon {unknown}
Potions
 f - a potion of brilliance {unknown}
 g - a potion of curing {unknown}
 i - a potion of resistance {unknown}
 k - a potion of cancellation {unknown}


   Skills:
 * Level 3.1 Fighting
 * Level 2.4 Maces & Flails
 * Level 4.2 Armour
 - Level 3.2 Shields


You had 2 spell levels left.
You didn't know any spells.
Your spell library was empty.

Dungeon Overview and Level Annotations

Branches:
Dungeon (2/15)

Altars:

Annotations:
D:2 Sigmund


Innate Abilities, Weirdness & Mutations

You are completely covered in rugged brown scales. (AC +3, +7% HP)
Armour fits poorly on your strangely shaped body.
You have a long armoured tail.
You roll when moving toward enemies. (Rampage)
Your long tongue fully drains potion bottles. (2x potion effects)
Your tongue gives you trouble enunciating. (1.5x scroll delay)


Message History

You are too confused!
You are too confused!
You are too confused!
You are too confused!
You are too confused!
You are too confused!
You slurp down every last drop of the potion of might!
You feel very mighty all of a sudden. Sigmund gestures at you while chanting.
You are more confused.
You sock Sigmund!
Sigmund is moderately wounded.
Sigmund hits you with a +0 scythe.
You bump into the rock wall.
Sigmund hits you but does no damage.
You bump into the rock wall.
You closely miss Sigmund.
Sigmund is moderately wounded.
Sigmund hits you with a +0 scythe.
You miss Sigmund.
Sigmund is moderately wounded.
Sigmund barely misses you.
You sock Sigmund!
Your tail-slap misses Sigmund.
Sigmund is severely wounded.
Sigmund gestures wildly while chanting.
Sigmund flickers and vanishes!
Deactivating autopickup; reactivate with Ctrl-A.
You bump into the rock wall.
Something hits you.
You hear some strange, mumbled words.
You are more confused.
You bump into the rock wall.
Something hits you.
You bump into the rock wall.
Something hits you.
You're too confused to move!
Something hits you!
* * * LOW HITPOINT WARNING * * *
You bump into the rock wall.
You closely miss something.
You hear some strange, mumbled words.
A puff of flame appears from out of thin air!
The puff of flame hits you!
You die...

#..## ..... #. ###.
#.# #.# #.# #.# #.#
#.# #.# #.# #.# #.#
#######.##### #.#
.........@{.#
####.#########.###.#
............(....# #
###..#####.#####.#
......# #.........
###.#.# #######.###
#.#.# #.#.. ..###.


There were no monsters in sight!

Vanquished Creatures
  2 adders (D:2)
  A dart slug (D:1)
  A bat (D:2)
  An endoplasm (D:1)
  3 goblins (D:1)
  A quokka (D:2)
  2 ball pythons
  A frilled lizard (D:1)
  3 kobolds (D:1)
  2 rats (D:1)
17 creatures vanquished.

Notes
Turn   | Place    | Note
-------+----------+-------------------------------------------
     0 | D:1      | greasedhog the Armataur Fighter began the quest for the
                  | Orb.
     0 | D:1      | Reached XP level 1. HP: 19/19 MP: 1/1
   267 | D:1      | Reached XP level 2. HP: 26/26 MP: 2/2
   508 | D:1      | Found a faded altar of an unknown god.
   700 | D:1      | Reached skill level 4 in Armour
   953 | D:2      | Reached XP level 3. HP: 33/33 MP: 3/3
  1027 | D:2      | Noticed Sigmund
  1044 | D:2      | Killed from afar by Sigmund

Illustrated notes

Levels and vault maps discovered:
D:1:      dpeg_arrival_pits, layout_basic, shapermc_ecumenical_altar_acropolis
D:2:      layout_basic, serial_shops, shop, minmay_3d_cube, uniq_sigmund,
          uniq_natasha

Skill      XL: |  1  2 |
---------------+-------+-----
Maces & Flails | 2 |  2.4
Armour         | 4 |  4.2
Fighting       | 3 |  3.1
Shields        | |  3.2

Action                   || total
-------------------------++-------
Melee: Flail             ||    52
       Tailslap          ||     5
  Use: Potion            ||     1
Armor: Scale mail        ||    30
Dodge: Dodged            ||    18
Block: Buckler           ||     6

Table legend: (Time is in decaauts)
 A = Elapsed time spent in this place.
 B = Non-inter-level travel time spent in this place.
 C = Inter-level travel time spent in this place.
 D = Time resting spent in this place.
 E = Time spent auto-exploring this place.
 F = Levels seen in this place.
 G = Mean time per level.
                   A        B        C        D        E       F      G
               +--------+--------+--------+--------+--------+-----+--------+
         Total |   1060 |   1036 |     24 |      0 |    897 |   2 |  530.0 |
       Dungeon |   1060 |   1036 |     24 |      0 |    897 |   2 |  530.0 |
               +--------+--------+--------+--------+--------+-----+--------+

Top non-repeatable levels by time:
     D:1: 817 daAuts
     D:2: 242 daAuts
